 Dungeon Crawl Stone Soup version 0.29-a0-721-g7f417c9bbb (webtiles) character file.

Game seed: 9821120689053700543

29 blackman the Sneak (level 3, -1/29 HPs)
             Began as a Human Delver on June 28, 2022.
             Slain by a phantom (4 damage)
             ... on level 5 of the Dungeon.
             The game lasted 00:00:41 (51 turns).

blackman the Sneak (Human Delver)                     Turns: 51, Time: 00:00:42

Health: -1/29      AC:  3    Str: 14    XL:     3   Next: 32%
Magic:  3/3        EV: 12    Int: 10    God:
Gold:   0          SH:  0    Dex: 14    Spells: 2/2 levels left

rFire   . . .      SeeInvis .   a - +0 hand axe
rCold   . . .      Faith    .   (no shield)
rNeg    . . .      Spirit   .   b - +0 leather armour
rPois   .          Reflect  .   (no helmet)
rElec   .          Harm     .   (no cloak)
rCorr   .          Rampage  .   (no gloves)
Will    .....                   (no boots)
Stlth   +++.......              (no amulet)
HPRegen 0.09/turn               (no ring)
MPRegen 0.08/turn               (no ring)

@: hasted, very quick
A: no striking features
a: no special abilities


You were on level 5 of the Dungeon.
You visited 1 branch of the dungeon, and saw 2 of its levels.

Inventory:

Hand Weapons
 a - a +0 hand axe (weapon)
Armour
 b - a +0 leather armour (worn)
Jewellery
 h - a ring of fire
Wands
 g - a wand of digging (3)
Scrolls
 c - a scroll of fog
 d - a scroll of magic mapping
 e - a scroll of fear


   Skills:
 - Level 3.0 Fighting
 + Level 3.5 Axes
 - Level 2.0 Dodging
 - Level 5.0 Stealth


You had 2 spell levels left.
You didn't know any spells.
Your spell library was empty.

Dungeon Overview and Level Annotations

Branches:
Dungeon (5/15)
 Temple: D:4-7

Altars:


Message History

The phantom is lightly damaged.
Cleave: a) +0 hand axe
Press: ? - help, Dir - move target, f/p - phantom
Aim: a phantom (lightly damaged, about 49% to evade your +0 hand axe)
You closely miss the phantom.
The phantom is lightly damaged.
The phantom hits you but does no damage.
Cleave: a) +0 hand axe
Press: ? - help, Dir - move target, f/p - phantom
Aim: a phantom (lightly damaged, about 49% to evade your +0 hand axe)
You miss the phantom.
The phantom is lightly damaged.
The phantom hits you.
Cleave: a) +0 hand axe
Press: ? - help, Dir - move target, f/p - phantom
Aim: a phantom (lightly damaged, about 49% to evade your +0 hand axe)
You hit the phantom.
The phantom is moderately damaged.
The phantom hits you.
* * * LOW HITPOINT WARNING * * *
Cleave: a) +0 hand axe
Press: ? - help, Dir - move target, f/p - phantom
Aim: a phantom (moderately damaged, about 49% to evade your +0 hand axe)
You hit the phantom but do no damage.
The phantom is moderately damaged.
The phantom hits you.
* * * LOW HITPOINT WARNING * * *
The phantom blinks!
You blink.
Cleave: a) +0 hand axe
Press: ? - help, Dir - move target, f/p - phantom
Aim: a phantom (moderately damaged, about 49% to evade your +0 hand axe)
You miss the phantom.
The phantom is moderately damaged.
Cleave: a) +0 hand axe
Press: ? - help, Dir - move target, f/p - phantom
Aim: a phantom (moderately damaged, about 49% to evade your +0 hand axe)
You hit the phantom but do no damage.
The phantom is moderately damaged.
The phantom hits you.
You die...

#.# ###...#.####.....
...#................
#.#................
#..................
###..............!.
#..........#####.
##............
###########....>......#..
#.............@W......#...
#......[>...########### ..
#.....<....## #..........#
#..........# #..........#
############


You could see a phantom.

Vanquished Creatures
  A hound (D:4)
1 creature vanquished.

Notes
Turn   | Place    | Note
-------+----------+-------------------------------------------
     0 | D:5      | blackman the Human Delver began the quest for the Orb.
     0 | D:5      | Reached XP level 1. HP: 18/18 MP: 1/1
    10 | D:5      | Noticed a phantom
    13 | D:5      | Noticed a hound
    35 | D:4      | Killed a hound
    36 | D:4      | Reached XP level 2. HP: 17/24 MP: 2/2
    36 | D:4      | Reached XP level 3. HP: 20/29 MP: 3/3
    51 | D:5      | Slain by a phantom

Illustrated notes

Levels and vault maps discovered:
D:4:      cheibrodos_old_hovel, layout_loops_ring, minitemple,
          minmay_temple_entry_nine_rooms
D:5:      layout_rooms, abandoned_shop

Skill      XL: |  1 |
---------------+----+-----
Axes           | 3 |  3.5
Fighting       | |  3.0
Dodging        | |  2.0
Stealth        | |  5.0

Action                   || total
-------------------------++-------
Melee: Hand axe          ||    19
  Use: Potion            ||     1
Armor: Leather armour    ||     2
Dodge: Dodged            ||     8

Table legend: (Time is in decaauts)
 A = Elapsed time spent in this place.
 B = Non-inter-level travel time spent in this place.
 C = Inter-level travel time spent in this place.
 D = Time resting spent in this place.
 E = Time spent auto-exploring this place.
 F = Levels seen in this place.
 G = Mean time per level.
                   A        B        C        D        E       F      G
               +--------+--------+--------+--------+--------+-----+--------+
         Total |     43 |     43 |      0 |      0 |      9 |   2 |   21.5 |
       Dungeon |     43 |     43 |      0 |      0 |      9 |   2 |   21.5 |
               +--------+--------+--------+--------+--------+-----+--------+

Top non-repeatable levels by time:
     D:5: 38 daAuts
     D:4: 5 daAuts
